 Dungeon Crawl Stone Soup version 0.18-a0-987-g0b0e4e7 (webtiles) character file.

755 tof the Bolt Thrower (level 7, 0/54 (55) HPs)
             Began as a Centaur Arcane Marksman on Jan 3, 2016.
             Was a Believer of Qazlal.
             Slain by a necrophage (4 damage)
             ... on level 5 of the Dungeon.
             The game lasted 00:17:33 (5600 turns).

tof the Bolt Thrower (Centaur Arcane Marksman)      Turns: 5600, Time: 00:17:33

HP:   0/54 (55)     AC:  6    Str: 13    XL:     7   Next: 49%
MP:   10/10         EV:  9    Int: 12    God:    Qazlal [**....]
Gold: 339           SH:  2    Dex: 11    Spells: 3 memorised, 4 levels left

rFire  + . .     SeeInvis .     b - +1 dagger (venom)
rCold  x . .     Gourm    .     n - +0 robe
rNeg   . . .     Faith    .     (no shield)
rPois  .         Spirit   .     (no helmet)
rElec  .         Dismiss  .     (no cloak)
rCorr  .         Reflect  .     k - +1 pair of gloves
SustAt .         Harm     .     (no barding)
MR     .....                    (no amulet)
Stlth  +.........               j - ring of fire
                                y - ring of wizardry

@: non-regenerating, diseased, very quick, not resistant to hostile
enchantments, very unstealthy
A: hooves 3, deformed body, speed 2, tough skin 3
a: Upheaval, Renounce Religion


You were on level 5 of the Dungeon.
You worshipped Qazlal.
Qazlal was pleased with you.
You were not hungry.

You visited 1 branch of the dungeon, and saw 5 of its levels.

You collected 339 gold pieces.

Inventory:

Hand Weapons
 a - a +0 hand crossbow
 b - a +1 dagger of venom (weapon)
Armour
 k - a +1 pair of gloves (worn)
 n - a +0 robe (worn)
Jewellery
 j - a ring of fire (right hand)
 y - a ring of wizardry (left hand)
Wands
 s - a wand of polymorph (9/24)
Scrolls
 d - a scroll of random uselessness {unknown}
 e - 8 scrolls of identify {unknown}
 g - a scroll of noise {unknown}
 h - 2 scrolls of immolation {unknown}
 i - a scroll of enchant armour {unknown}
 l - 2 scrolls of teleportation {unknown}
 o - a scroll of recharging {unknown}
 w - a scroll of fear {unknown}
 x - a scroll of remove curse {unknown}
Potions
 p - a potion of degeneration {unknown}
 r - a potion of heal wounds
 u - a potion of lignification {unknown}
 v - 2 potions of cancellation {unknown}
 z - a potion of brilliance {unknown}
 A - a potion of haste {unknown}
Books
 c - a book of Debilitation

   Spells                             Type                      Level
   a - Corona                         Hexes                        1
   b - Slow                           Hexes                        2
   c - Gell's Gravitas                Hexes/Translocation          3
   d - Inner Flame                    Hexes/Fire                   3
   e - Cause Fear                     Hexes                        4
   f - Leda's Liquefaction            Hexes/Earth                  4
Comestibles
 f - 5 bread rations
 m - 3 meat rations
 q - a slice of pizza


   Skills:
 + Level 2.0 Fighting
 + Level 1.0 Short Blades
 * Level 7.4 Crossbows
 - Level 1.3 Dodging
 + Level 0.9 Stealth
 + Level 2.0 Spellcasting
 + Level 4.1 Hexes


You had 4 spell levels left.
You knew the following spells:

 Your Spells              Type           Power        Failure   Level  Hunger
a - Corona                Hex            ##.....      2%          1    ##.....
b - Slow                  Hex            ##......     4%          2    ###....
c - Inner Flame           Hex/Fire       #.......     14%         3    ####...


Dungeon Overview and Level Annotations

Branches:
Dungeon (5/15)
 Temple: D:4-7

Altars:
Ashenzari
Cheibriados
Elyvilon
Nemelex Xobeh
Pakellas
Qazlal
Xom
The Shining One


Innate Abilities, Weirdness & Mutations

You have hooves in place of feet.
Armour fits poorly on your strangely shaped body.
You cover ground very quickly.
You have extremely tough skin (AC +3).


Message History

The necrophage hits you.
* * * LOW HITPOINT WARNING * * *
You hit the necrophage.
The necrophage is severely damaged.
You block the necrophage's attack.
You hit the necrophage. Your kick misses the necrophage.
The necrophage is severely damaged.
The necrophage hits you.
* * * LOW HITPOINT WARNING * * *
You hit the necrophage.
The necrophage is severely damaged.
The necrophage hits you.
* * * LOW HITPOINT WARNING * * *
You closely miss the necrophage.
The necrophage is severely damaged.
The necrophage hits you but does no damage.
You hit the necrophage. You kick the necrophage.
The necrophage is almost destroyed.
The necrophage hits you.
You die...

#### ##..### .#
###...n.##..#
##..####@...# #
##..## ###### ##
##..## .## ##...#
#.####....# #.
#...#...(.####...
##......(......#
##...###.....###
#...## ##.####


You could see a necrophage.

Vanquished Creatures
  A water moccasin (D:4)
  3 scorpions
  A giant frog zombie (D:5)
  An orc priest (D:3)
  2 giant frog skeletons
  2 hounds
  3 orc wizards (D:4)
  2 iguanas (D:5)
  2 worker ants
  4 adders
  A white imp (D:5)
  3 worms
  A giant gecko (D:3)
  13 orcs
  A ball python (D:2)
  4 giant cockroaches
  7 goblins
  8 hobgoblins
  7 jackals
  A quokka (D:2)
  12 bats
  A giant gecko skeleton (D:5)
  2 giant newts
  2 goblin skeletons (D:5)
  4 hobgoblin zombies (D:5)
  9 kobolds
  2 orc skeletons (D:5)
  2 orc zombies (D:5)
  8 rats
109 creatures vanquished.

Notes
Turn   | Place    | Note
--------------------------------------------------------------
     0 | D:1      | tof the Centaur Arcane Marksman began the quest for the Orb.
     0 | D:1      | Reached XP level 1. HP: 16/16 MP: 2/2
   185 | D:1      | Reached skill level 3 in Hexes
   216 | D:1      | Reached XP level 2. HP: 23/23 MP: 0/3
   220 | D:1      | Learned a level 2 spell: Slow
   689 | D:2      | Found a white marble altar of Elyvilon.
   748 | D:2      | Reached XP level 3. HP: 12/28 MP: 2/4
  1494 | D:2      | Found a stormy altar of Qazlal.
  1498 | D:2      | Became a worshipper of Qazlal Stormbringer
  1900 | D:3      | Reached XP level 4. HP: 35/35 MP: 5/5
  2011 | D:3      | Found a sparkling altar of Nemelex Xobeh.
  2227 | D:3      | Reached skill level 4 in Crossbows
  2296 | D:3      | Reached * piety under Qazlal
  2598 | D:3      | Found a shattered altar of Ashenzari.
  2612 | D:3      | Found a shimmering altar of Xom.
  2997 | D:4      | Found an oddly glowing altar of Pakellas.
  3002 | D:4      | Noticed a water moccasin
  3015 | D:4      | Killed a water moccasin
  3015 | D:4      | Reached skill level 5 in Crossbows
  3015 | D:4      | Reached XP level 5. HP: 11/40 MP: 5/7
  3413 | D:4      | Reached XP level 6. HP: 14/47 MP: 8/8
  3858 | D:4      | Reached skill level 6 in Crossbows
  4586 | D:5      | Entered Level 5 of the Dungeon
  4871 | D:5      | Reached XP level 7. HP: 45/52 MP: 9/9
  4912 | D:5      | Reached skill level 7 in Crossbows
  5077 | D:5      | Reached ** piety under Qazlal
  5086 | D:5      | Reached skill level 1 in Short Blades
  5316 | D:5      | Found a glowing golden altar of the Shining One.
  5526 | D:5      | Learned a level 3 spell: Inner Flame
  5535 | D:5      | Found a snail-covered altar of Cheibriados.
  5600 | D:5      | Slain by a necrophage

Vault maps used:
D:1:      dpeg_arrival_round_a
D:2:      elyvilon_altar_4, marbit_many_paths
D:3:      nicolae_overflow_hidden_temple, overflow_temple_1_default, first_bread
D:4:      lemuel_round_altar, serial_bayou_crossing
D:5:      vehumet_crystals, old_standard_altar, nicolae_tso_besieged_by_evil

Action                   |  1- 3 |  4- 6 |  7- 9 || total
-------------------------+-------+-------+-------++-------
Melee: Dagger            |    12 |   170 |   118 ||   300
 Fire: Hand crossbow     |   121 |    17 |    14 ||   152
 Cast: Corona            |     9 |     1 |     1 ||    11
       Slow              |     4 |     2 |       ||     6
       Inner Flame       |       |       |     1 ||     1
  Use: Potion            |       |     3 |     2 ||     5
  Eat: Chunk             |     3 |     7 |     2 ||    12
       Beef jerky        |       |     1 |       ||     1
